 Dungeon Crawl Stone Soup version 0.20-a0-187-ge5586d949a (webtiles) character file.

4357 Faca the Cleaver (level 10, -2/77 HPs)
             Began as a Formicid Fighter on Nov 23, 2016.
             Was a Follower of Trog.
             Slain by an orc warrior
             ... wielding a +0 short sword
              (9 damage)
             ... on level 10 of the Dungeon.
             The game lasted 00:41:39 (6754 turns).

Faca the Cleaver (Formicid Fighter)                 Turns: 6754, Time: 00:41:41

Health: -2/77      AC: 14    Str: 23    XL:     10   Next: 60%
Magic:  0/10       EV:  7    Int:  8    God:    Trog [*.....]
Gold:   365        SH: 12    Dex: 13    Spells: 9/9 levels left

rFire  + . .     SeeInvis +     B - +9 spear of Inconvenience {venom, *Noise +Inv rPois rC-}
rCold  . . .     Gourm    .     h - +0 plate armour
rNeg   . . .     Faith    .     c - +1 shield
rPois  +         Spirit   +     (helmet unavailable)
rElec  +         Reflect  .     D - +0 cloak
rCorr  +         Harm     .     (no gloves)
MR     +....                    (no boots)
Stlth  ..........               w - amulet of guardian spirit
                                z - ring of resist corrosion
                                b - +2 ring of strength

@: resistant
A: permanent stasis, dig shafts and tunnels, four strong arms, antennae 3,
subdued magic 1
a: Dig, Shaft Self, Burn Spellbooks, Renounce Religion, Evoke Invisibility


You were on level 10 of the Dungeon.
You worshipped Trog.
Trog was aware of your devotion.
You were not hungry.

You visited 2 branches of the dungeon, and saw 11 of its levels.
You also visited: Ossuary.

You collected 365 gold pieces.

Inventory:

Hand Weapons
 a - a +1 war axe
 B - the +9 spear of Inconvenience (weapon) {venom, *Noise +Inv rPois rC-}
   (You found it on level 6 of the Dungeon)

   It poisons the flesh of those it strikes.
   It makes you vulnerable to cold.
   It protects you from poison.
   It lets you turn invisible.
   It may make noises in combat.
Armour
 c - a +1 shield (worn)
 h - a +0 plate armour (worn)
 D - a +0 cloak (worn)
Jewellery
 b - a +2 ring of strength (left hand)
 w - an amulet of guardian spirit (around neck)
 z - a ring of resist corrosion (right hand)
Wands
 E - a wand of lightning (7/15)
 F - a wand of flame (17/48)
Scrolls
 g - 5 scrolls of remove curse
 k - a scroll of enchant weapon
 o - 3 scrolls of enchant armour
 r - 8 scrolls of identify
 y - 2 scrolls of fear
 A - a scroll of fog
Potions
 d - a potion of mutation
 e - 4 potions of curing
 i - 2 potions of heal wounds {unknown}
 j - 3 potions of flight {unknown}
 n - 4 potions of lignification {unknown}
 p - 2 potions of degeneration {unknown}
 q - a potion of ambrosia {unknown}
 t - 2 potions of agility {unknown}
 u - a potion of invisibility
 v - a potion of haste {unknown}
 x - a potion of brilliance {unknown}
Comestibles
 f - 8 bread rations
 l - 2 royal jellies
 m - 6 meat rations


   Skills:
 + Level 6.6 Fighting
 + Level 9.2(9.8) Axes
 + Level 5.2(7.9) Polearms
 + Level 7.2 Armour
 + Level 1.4 Dodging
 + Level 1.1 Stealth
 + Level 8.5 Shields


You had 9 spell levels left.
You didn't know any spells.

Dungeon Overview and Level Annotations

Branches:
Dungeon (10/15)            Temple (1/1) D:7             Orc (0/2) D:10
   Lair: D:8-11

Altars:
Ashenzari
Dithmenos
Elyvilon
Gozag
Hepliaklqana
Kikubaaqudgha
Ru
Sif Muna
Trog
Vehumet
Xom
Yredelemnul
Zin

Shops:
D:4 :


Innate Abilities, Weirdness & Mutations

You cannot be hasted, slowed, berserked, paralysed or teleported.
You can dig through walls and to a lower floor.
Your four strong arms can wield two-handed weapons with a shield.
You have a pair of large antennae on your head. (SInv)
Your spells are a little easier to cast, but a little less powerful.


Message History

You kill the orc wizard!
Trog accepts your kill.
Trog appreciates your killing of a magic user.
The yak closely misses you. The hippogriff bites you.
* * * LOW HITPOINT WARNING * * *
The hippogriff pecks you but does no damage.
The hippogriff closely misses you.
The orc warrior hits you with a short sword!
* * * LOW HITPOINT WARNING * * *
You puncture the orc warrior!
The orc warrior is moderately wounded.
The orc barely misses you.
You puncture the yak!
The yak is almost dead.
The yak gores you!
* * * LOW HITPOINT WARNING * * *
You block the hippogriff's attack. x2
The hippogriff claws you but does no damage.
The orc warrior hits you with a short sword!
You die...

#......#
####...#
#...# #...#
#...#
#>..#####
#.......#
#)....oY#
####.....)@#
..........oH#
.......)††..#
...........##
...........#
...........#
...........#
..######....
#.....


You could see a hippogriff, a yak, an orc warrior and an orc.

Vanquished Creatures
  Pikel (D:8)
  The ghost of Mitch the Basher, a novice GrFi of Cheibriados (D:5)
  Grinder (D:3)
  A hornet (D:10)
  2 wyverns
  A slave (D:8)
  2 sky beasts
  5 ogres
  2 centaurs (D:5)
  3 elf zombies (Ossuary)
  A bullfrog (D:6)
  4 scorpions
  A water moccasin skeleton (D:8)
  3 killer bees (D:10)
  3 crimson imps
  5 centaur zombies
  Crazy Yiuf (D:3)
  2 human zombies (Ossuary)
  3 centaur skeletons
  2 hounds
  An orc priest (D:5)
  3 orc wizards
  A gnoll shaman (D:7)
  2 iguanas
  Ijyb (D:3)
  Jessica (D:3)
  A bullfrog skeleton (D:6)
  8 worker ants
  2 mummies (Ossuary)
  5 gnolls (D:7)
  8 adders
  2 oozes
  2 adder zombies (Ossuary)
  2 worms
  5 dart slugs
  3 leopard geckos
  6 orcs
  7 bats
  7 giant cockroaches
  9 goblins
  8 hobgoblins
  12 jackals
  5 quokkas
  A ball python (D:6)
  3 frilled lizards
  A goblin zombie (Ossuary)
  10 hobgoblin zombies (Ossuary)
  A jackal zombie (Ossuary)
  10 kobolds
  6 kobold zombies (Ossuary)
  2 leopard gecko skeletons
  9 orc zombies (Ossuary)
  A quokka zombie (D:7)
  4 rats
193 creatures vanquished.

Vanquished Creatures (others)
  A hound (D:8)
  A worker ant (D:8)
  3 orcs (D:8)
5 creatures vanquished.

Grand Total: 198 creatures vanquished

Notes
Turn   | Place    | Note
-------+----------+-------------------------------------------
     0 | D:1      | Faca the Formicid Fighter began the quest for the Orb.
     0 | D:1      | Reached XP level 1. HP: 18/18 MP: 1/1
    33 | D:1      | Reached XP level 2. HP: 20/24 MP: 2/2
   167 | D:1      | Reached XP level 3. HP: 29/29 MP: 3/3
   934 | D:2      | Reached XP level 4. HP: 32/37 MP: 4/4
  1092 | D:2      | You fall through a shaft!
  1146 | D:3      | Found an opulent altar of Gozag.
  1210 | D:3      | Noticed Jessica
  1215 | D:3      | Killed Jessica
  1215 | D:3      | Reached skill level 3 in Axes
  1215 | D:3      | Reached XP level 5. HP: 42/42 MP: 5/5
  1300 | D:2      | Found a shadowy altar of Dithmenos.
  2017 | D:3      | Noticed Ijyb
  2023 | D:3      | Killed Ijyb
  2056 | D:3      | Reached skill level 5 in Shields
  2121 | D:3      | Noticed Grinder
  2144 | D:3      | Killed Grinder
  2144 | D:3      | Reached skill level 4 in Axes
  2144 | D:3      | Reached XP level 6. HP: 8/48 MP: 6/6
  2144 | D:3      | Reached XP level 7. HP: 10/54 MP: 7/7
  2776 | D:3      | Found a runed door.
  2780 | D:3      | Noticed Crazy Yiuf
  2786 | D:3      | Killed Crazy Yiuf
  2901 | D:4      | Found a sand-covered staircase.
  2905 | Ossuary  | Entered an ossuary
  2979 | Ossuary  | Reached skill level 5 in Axes
  3178 | Ossuary  | Reached skill level 6 in Axes
  3178 | Ossuary  | Reached XP level 8. HP: 61/61 MP: 8/8
  3211 | D:4      | Gained mutation: You are partially covered in thin metallic scales. (AC +2) [potion of mutation]
  3211 | D:4      | Gained mutation: Your spells are a little easier to cast, but a little less powerful. [potion of mutation]
  3211 | D:4      | Lost mutation: You are partially covered in thin metallic scales. (AC +2) [potion of mutation]
  3218 | D:4      | Found an opulent altar of Gozag.
  3218 | D:4      | Found a white marble altar of Elyvilon.
  3392 | D:4      | Found Opofoc's Book Shop.
  3751 | D:4      | Got a translucent short sword
  3861 | D:4      | Reached skill level 5 in Fighting
  3861 | D:4      | Reached skill level 7 in Axes
  3861 | D:4      | Reached skill level 5 in Armour
  4002 | D:5      | Entered Level 5 of the Dungeon
  4027 | D:5      | Noticed Mitch's ghost (novice GrFi)
  4040 | D:5      | Killed Mitch's ghost
  4040 | D:5      | Reached skill level 8 in Axes
  4040 | D:5      | Reached skill level 1 in Stealth
  4040 | D:5      | Reached XP level 9. HP: 56/68 MP: 7/9
  4052 | D:5      | Reached skill level 1 in Dodging
  4348 | D:5      | Found a deep blue altar of Sif Muna.
  4414 | D:5      | Found a shimmering altar of Xom.
  4468 | D:5      | Found a hazy altar of Hepliaklqana.
  4468 | D:5      | Found a shattered altar of Ashenzari.
  4470 | D:5      | Found a shimmering altar of Xom.
  4491 | D:5      | Found a basalt altar of Yredelemnul.
  4493 | D:5      | Found a bloodstained altar of Trog.
  4514 | D:5      | Became a worshipper of Trog the Wrathful
  4940 | D:6      | Reached skill level 9 in Axes
  4951 | D:6      | Got a translucent spear
  5057 | D:6      | Identified the +9 spear of Inconvenience {venom, *Noise +Inv rPois rC-} (You found it on level 6 of the Dungeon)
  5362 | D:6      | Found an ancient bone altar of Kikubaaqudgha.
  5753 | D:7      | Reached * piety under Trog
  5811 | D:7      | Reached skill level 1 in Polearms
  6004 | D:7      | Found a staircase to the Ecumenical Temple.
  6014 | Temple   | Entered the Ecumenical Temple
  6130 | D:8      | Noticed Pikel
  6147 | D:8      | Killed Pikel
  6147 | D:8      | Reached XP level 10. HP: 62/76 MP: 6/10
  6468 | D:8      | Found a sacrificial altar of Ru.
  6476 | D:8      | You fall through a shaft for 2 floors!
  6476 | D:10     | Entered Level 10 of the Dungeon
  6628 | D:10     | Found a staircase to the Orcish Mines.
  6664 | D:10     | Reached skill level 5 in Polearms
  6754 | D:10     | Slain by an orc warrior

Vault maps used:
D:1:      scummos_arrival_star
D:2:      grunt_dithmenos_smoke_and_mirrors
D:3:      serial_corexii_hall, corexii_hall_statues_l, corexii_hall_statues_x,
          first_bread, grunt_gozag_statues, uniq_iyjb, uniq_jessica,
          uniq_grinder, uniq_crazy_yiuf_cottage
D:4:      grunt_temple_overflow_open, enter_ossuary_5, serial_shops, shop
D:5:      lemuel_blue_sif_altar, nicolae_overflow_hidden_temple, basic_altar
D:6:      basic_altar
D:8:      nicolae_ru_awakened_eye, uniq_pikel
D:9:      nemelex_xobeh_ov_fountains_minmay, dpeg_oklobed_lair,
          nicolae_looking_at_the_future, uniq_grum
D:10:     minmay_tri_box, the_bakery
Temple:   dpeg_chambers_temple
Ossuary:  ossuary_tomb_1

Skill      XL: |  1  2  3  4  5  6  7  8  9 10 |
---------------+-------------------------------+-----
Shields        | 4 5 6 7 8 |  8.5
Axes           | 3 4 6 8 9 |  9.2
Armour         | 4 5 6 7 |  7.2
Fighting       | 4 5 6 |  6.6
Stealth        | 1 |  1.1
Dodging        | 1 |  1.4
Polearms       | 3 5 |  5.2

Action                   |  1- 3 |  4- 6 |  7- 9 | 10-12 || total
-------------------------+-------+-------+-------+-------++-------
Melee: War axe           |    89 |   158 |   269 |       ||   516
       Spear             |       |       |    90 |    80 ||   170
Invok: Burn Spellbooks   |       |       |     1 |       ||     1
 Abil: Dig               |       |       |     1 |       ||     1
  Use: Scroll            |     5 |     3 |     5 |     2 ||    15
       Potion            |       |     1 |     2 |     2 ||     5
  Eat: Bread ration      |       |     1 |       |       ||     1
       Fruit             |       |       |     3 |       ||     3
       Beef jerky        |       |       |     3 |       ||     3
       Meat ration       |       |       |     2 |       ||     2
Armor: Scale mail        |     9 |       |       |       ||     9
       Plate armour      |    49 |    85 |   118 |    49 ||   301
Dodge: Dodged            |    12 |    37 |    53 |    25 ||   127
Block: Shield            |    54 |   122 |   183 |    66 ||   425
